IL
EL PASO CHIHUAHUAS @ LOUISVILLE BATS
09/16/2046
 
TOP OF THE 1ST
El Paso Chihuahuas batting - Pitching for Louisville Bats : RHP Hideki Kobayashi
Pitching: RHP Hideki Kobayashi
Batting: LHB Doug Barr 0-0: Foul Ball, location: 2F
0-1: Foul Ball, location: 2F
0-2: Ball
1-2: Ball
2-2: Strikes out swinging
Batting: RHB Danny Bunn 0-0: Ball
1-0: Ball
2-0: Called Strike
2-1: Ball
3-1: Fly out, F9 (Line Drive, 89M, EV 105.6 MPH)
Batting: LHB Chris Moody 0-0: Foul Ball, location: 2F
0-1: Ball
1-1: Foul Ball, location: 2F
1-2: Ball
2-2: Reached on error, E6 (Groundball, 6, EV 85.0 MPH)
Batting: RHB Antonio Medina 0-0: Fielders Choice at 2nd, U6 (Groundball, 6M, EV 83.1 MPH)
Top of the 1st over - 0 runs, 0 hits, 1 error, 1 left on base; El Paso 0 - Louisville 0
BOTTOM OF THE 1ST
Louisville Bats batting - Pitching for El Paso Chihuahuas : RHP Bobby Mauk
Pitching: RHP Bobby Mauk
Batting: RHB Solange Le Coq 0-0: Foul Ball, location: 2F
0-1: Ball
1-1: Ball
2-1: Ground out 6-3 (Groundball, 6, EV 86.9 MPH)
Batting: LHB Satoru Handa 0-0: Called Strike
0-1: Ground out 6-3 (Groundball, 6, EV 86.2 MPH)
Batting: RHB Chase Briney 0-0: Ball
1-0: Ball
2-0: Called Strike
2-1: Fly out, F9 (Flyball, 89M, EV 87.5 MPH)
Bottom of the 1st over - 0 runs, 0 hits, 0 errors, 0 left on base; El Paso 0 - Louisville 0
TOP OF THE 2ND
El Paso Chihuahuas batting - Pitching for Louisville Bats : RHP Hideki Kobayashi
Batting: SHB Troy Maynard 0-0: Ball
1-0: Foul Ball, location: 2F
1-1: Ball
2-1: Swinging Strike
2-2: Strikes out swinging
Batting: RHB Rodolfo Rivera 0-0: Fly out, F5 (Line Drive, 5, EV 69.4 MPH)
Batting: SHB Jamie Roberts 0-0: Ball
1-0: Called Strike
1-1: Swinging Strike
1-2: Ball
2-2: Foul Ball, location: 2F
2-2: Ball
3-2: Base on Balls
Batting: RHB Dan Grable 0-0: Ground out 4-3 (Groundball, 34, EV 86.9 MPH)
Top of the 2nd over - 0 runs, 0 hits, 0 errors, 1 left on base; El Paso 0 - Louisville 0
BOTTOM OF THE 2ND
Louisville Bats batting - Pitching for El Paso Chihuahuas : RHP Bobby Mauk
Batting: SHB Freddie Farrar 0-0: Called Strike
0-1: Ball
1-1: Ball
2-1: Swinging Strike
2-2: Strikes out looking
Batting: LHB David Cruz 0-0: Ball
1-0: Ball
2-0: Fly out, F9 (Flyball, 9S, EV 88.1 MPH)
Batting: SHB Paul Sandoval 0-0: Ground out 3-1 (Groundball, 34S, EV 65.6 MPH)
Bottom of the 2nd over - 0 runs, 0 hits, 0 errors, 0 left on base; El Paso 0 - Louisville 0
TOP OF THE 3RD
El Paso Chihuahuas batting - Pitching for Louisville Bats : RHP Hideki Kobayashi
Batting: RHB Tim Seggerman 0-0: Called Strike
0-1: Ball
1-1: Ball
2-1: Foul Ball, location: 2F
2-2: Ground out 5-3 (Groundball, 56, EV 108.8 MPH)
Batting: LHB Doug Barr 0-0: Ball
1-0: Ball
2-0: Ball
3-0: Called Strike
3-1: Fly out, F9 (Flyball, 9LSF, EV 78.8 MPH)
Batting: RHB Danny Bunn 0-0: Ball
1-0: Hit by Pitch
Batting: LHB Chris Moody 0-0: Called Strike
0-1: Foul Ball, location: 2F
0-2: Ball
1-2: Strikes out swinging
Top of the 3rd over - 0 runs, 0 hits, 0 errors, 1 left on base; El Paso 0 - Louisville 0
BOTTOM OF THE 3RD
Louisville Bats batting - Pitching for El Paso Chihuahuas : RHP Bobby Mauk
Batting: RHB Chris Zamora 0-0: Called Strike
0-1: Fly out, F9 (Flyball, 89D, EV 96.2 MPH)
Batting: RHB Colin Lord 0-0: Called Strike
0-1: SINGLE (Groundball, 5S, EV 66.2 MPH) (infield hit)
Batting: RHB Steve Anderson 0-0: Ball
1-0: Called Strike
1-1: Ball
2-1: Called Strike
2-2: Foul Ball, location: 2F
2-2: Ball
3-2: Strikes out swinging
Batting: RHB Solange Le Coq 0-0: Called Strike
0-1: Foul Ball, location: 2F
0-2: Foul Ball, location: 2F
0-2: Fly out, F7 (Line Drive, 7S, EV 95.6 MPH)
Bottom of the 3rd over - 0 runs, 1 hit, 0 errors, 1 left on base; El Paso 0 - Louisville 0
TOP OF THE 4TH
El Paso Chihuahuas batting - Pitching for Louisville Bats : RHP Hideki Kobayashi
Batting: RHB Antonio Medina 0-0: Called Strike
0-1: Ball
1-1: Swinging Strike
1-2: Strikes out looking
Batting: SHB Troy Maynard 0-0: Ball
1-0: Called Strike
1-1: Swinging Strike
1-2: Ball
2-2: Strikes out swinging
Batting: RHB Rodolfo Rivera 0-0: Called Strike
0-1: Ball
1-1: Foul Ball, location: 2F
1-2: Foul Ball, location: 2F
1-2: Ground out 6-3 (Groundball, 6, EV 83.1 MPH)
Top of the 4th over - 0 runs, 0 hits, 0 errors, 0 left on base; El Paso 0 - Louisville 0
BOTTOM OF THE 4TH
Louisville Bats batting - Pitching for El Paso Chihuahuas : RHP Bobby Mauk
Batting: LHB Satoru Handa 0-0: Ball
1-0: Fly out, F8 (Flyball, 8LM, EV 88.8 MPH)
Batting: RHB Chase Briney 0-0: Foul Ball, location: 2F
0-1: Swinging Strike
0-2: Ball
1-2: Fly out, F4 (Popup, 4M, EV 75.6 MPH)
Batting: SHB Freddie Farrar 0-0: Swinging Strike
0-1: Ball
1-1: Ground out 6-3 (Groundball, 6MD, EV 100.6 MPH)
Bottom of the 4th over - 0 runs, 0 hits, 0 errors, 0 left on base; El Paso 0 - Louisville 0
TOP OF THE 5TH
El Paso Chihuahuas batting - Pitching for Louisville Bats : RHP Hideki Kobayashi
Batting: SHB Jamie Roberts 0-0: Ball
1-0: Ball
2-0: Ball
3-0: Swinging Strike
3-1: Base on Balls
Batting: RHB Dan Grable 0-0: Ball
1-0: Ball
2-0: Swinging Strike
2-1: Swinging Strike
2-2: Ball
3-2: Ground out 6-3 (Groundball, 6S, EV 63.8 MPH)
Jamie Roberts to second
Batting: RHB Tim Seggerman 0-0: Ball
1-0: Foul Ball, location: 2F
1-1: Ball
2-1: Called Strike
2-2: Fly out, F8 (Line Drive, 8LD, EV 90.0 MPH)
Batting: LHB Doug Barr 0-0: Ball
1-0: Called Strike
1-1: Foul Ball, location: 2F
1-2: Ball
2-2: Strikes out swinging
Top of the 5th over - 0 runs, 0 hits, 0 errors, 1 left on base; El Paso 0 - Louisville 0
BOTTOM OF THE 5TH
Louisville Bats batting - Pitching for El Paso Chihuahuas : RHP Bobby Mauk
Batting: LHB David Cruz 0-0: Ball
1-0: Called Strike
1-1: Ground out 4-3 (Groundball, 34D, EV 84.4 MPH)
Batting: SHB Paul Sandoval 0-0: Fly out, F6 (Line Drive, 6, EV 74.4 MPH)
Batting: RHB Chris Zamora 0-0: Ball
1-0: Ball
2-0: Called Strike
2-1: Foul Ball, location: 2F
2-2: Foul Ball, location: 2F
2-2: SINGLE (Line Drive, 89S, EV 110.0 MPH)
Batting: RHB Colin Lord 0-0: Ball
1-0: Fielders Choice at 2nd, 6-4 (Groundball, 6, EV 76.9 MPH)
Bottom of the 5th over - 0 runs, 1 hit, 0 errors, 1 left on base; El Paso 0 - Louisville 0
TOP OF THE 6TH
El Paso Chihuahuas batting - Pitching for Louisville Bats : RHP Hideki Kobayashi
Batting: RHB Danny Bunn 0-0: SINGLE (Groundball, 6MD, EV 94.4 MPH)
Batting: LHB Chris Moody 0-0: Ball
1-0: Foul Ball, location: 2F
1-1: Grounds into double play, 4-6-3 (Groundball, 4, EV 77.5 MPH)
Batting: RHB Antonio Medina 0-0: Ball
1-0: Foul Ball, location: 2F
1-1: DOUBLE (Groundball, 5L, EV 100.0 MPH)
Batting: SHB Troy Maynard 0-0: Ball
1-0: SINGLE (Groundball, 25, EV 70.6 MPH) (infield hit)
Antonio Medina to third
Batting: RHB Rodolfo Rivera 0-0: SINGLE (Groundball, 56D, EV 94.4 MPH)
Antonio Medina scores
Troy Maynard to second
Batting: SHB Jamie Roberts 0-0: Ball
1-0: Ground out 4-3 (Groundball, 4S, EV 84.4 MPH)
Top of the 6th over - 1 run, 4 hits, 0 errors, 2 left on base; El Paso 1 - Louisville 0
BOTTOM OF THE 6TH
Louisville Bats batting - Pitching for El Paso Chihuahuas : RHP Bobby Mauk
Batting: RHB Steve Anderson 0-0: Ground out 5-3 (Groundball, 56, EV 102.5 MPH)
Batting: RHB Solange Le Coq 0-0: Called Strike
0-1: Called Strike
0-2: Ground out 6-3 (Groundball, 6M, EV 88.1 MPH)
Batting: LHB Satoru Handa 0-0: Called Strike
0-1: Fly out, F7 (Flyball, 7, EV 93.1 MPH)
Bottom of the 6th over - 0 runs, 0 hits, 0 errors, 0 left on base; El Paso 1 - Louisville 0
TOP OF THE 7TH
El Paso Chihuahuas batting - Pitching for Louisville Bats : RHP Hideki Kobayashi
Batting: RHB Dan Grable 0-0: Ground out 5-3 (Groundball, 56S, EV 85.0 MPH)
Pitching: LHP Logan Moultry
Batting: RHB Tim Seggerman 0-0: Called Strike
0-1: Foul Ball, location: 2F
0-2: Foul Ball, location: 2F
0-2: Strikes out looking
Batting: LHB Doug Barr 0-0: Foul Ball, location: 2F
0-1: Called Strike
0-2: Fly out, F8 (Flyball, 8RXD, EV 80.6 MPH)
Top of the 7th over - 0 runs, 0 hits, 0 errors, 0 left on base; El Paso 1 - Louisville 0
BOTTOM OF THE 7TH
Louisville Bats batting - Pitching for El Paso Chihuahuas : RHP Bobby Mauk
Batting: RHB Chase Briney 0-0: Ball
1-0: Ball
2-0: Ball
3-0: Called Strike
3-1: Called Strike
3-2: Base on Balls
Batting: SHB Freddie Farrar 0-0: Called Strike
0-1: Fly out, F8 (Line Drive, 8LM, EV 88.1 MPH)
Batting: LHB David Cruz 0-0: Called Strike
0-1: Ball
1-1: Fielders Choice at 2nd, 4-6 (Groundball, 4, EV 81.9 MPH)
Batting: SHB Paul Sandoval 0-0: Ball
David Cruz is caught stealing 2nd base 2-6
Bottom of the 7th over - 0 runs, 0 hits, 0 errors, 0 left on base; El Paso 1 - Louisville 0
TOP OF THE 8TH
El Paso Chihuahuas batting - Pitching for Louisville Bats : LHP Logan Moultry
Batting: RHB Danny Bunn 0-0: Ground out 5-3 (Groundball, 56, EV 98.1 MPH)
Batting: LHB Chris Moody 0-0: Ball
1-0: Fly out, F9 (Flyball, 89M, EV 83.8 MPH)
Batting: RHB Antonio Medina 0-0: Ball
1-0: Ball
2-0: Called Strike
2-1: Foul Ball, location: 2F
2-2: Foul Ball, location: 2F
2-2: Ball
3-2: Base on Balls
Batting: SHB Troy Maynard 0-0: Ball
1-0: Called Strike
1-1: Ball
2-1: Swinging Strike
2-2: Strikes out swinging
Top of the 8th over - 0 runs, 0 hits, 0 errors, 1 left on base; El Paso 1 - Louisville 0
BOTTOM OF THE 8TH
Louisville Bats batting - Pitching for El Paso Chihuahuas : RHP Bobby Mauk
Batting: SHB Paul Sandoval 0-0: Ball
1-0: Fly out, F5 (Popup, 56S, EV 73.1 MPH)
Pinch Hitting: LHB Jake Bill 0-0: Ball
1-0: Called Strike
1-1: Ball
2-1: Swinging Strike
2-2: Strikes out swinging
Batting: RHB Colin Lord 0-0: Ball
1-0: Foul Ball, location: 2F
1-1: Foul Ball, location: 2F
1-2: Ball
2-2: Ball
3-2: Ground out 4-3 (Groundball, 13, EV 86.9 MPH)
Bottom of the 8th over - 0 runs, 0 hits, 0 errors, 0 left on base; El Paso 1 - Louisville 0
TOP OF THE 9TH
El Paso Chihuahuas batting - Pitching for Louisville Bats : LHP Logan Moultry
Now at 1B: Jake Bill
Batting: RHB Rodolfo Rivera 0-0: Foul Ball, location: 2F
0-1: Called Strike
0-2: Foul Ball, location: 2F
0-2: Ball
1-2: Foul Ball, location: 2F
1-2: Ball
2-2: Foul Ball, location: 2F
2-2: Ball
3-2: Foul Ball, location: 2F
3-2: Foul Ball, location: 2F
3-2: Strikes out swinging
Batting: SHB Jamie Roberts 0-0: Ball
1-0: Swinging Strike
1-1: Ball
2-1: Ball
3-1: Ground out 5-3 (Groundball, 5S, EV 65.6 MPH)
Batting: RHB Dan Grable 0-0: Ball
1-0: Ball
2-0: Called Strike
2-1: Swinging Strike
2-2: Ball
3-2: Foul Ball, location: 2F
3-2: Strikes out swinging
Top of the 9th over - 0 runs, 0 hits, 0 errors, 0 left on base; El Paso 1 - Louisville 0
BOTTOM OF THE 9TH
Louisville Bats batting - Pitching for El Paso Chihuahuas : RHP Bobby Mauk
Batting: RHB Steve Anderson 0-0: Ball
1-0: Ball
2-0: Called Strike
2-1: Foul Ball, location: 2F
2-2: Foul Ball, location: 2F
2-2: Foul Ball, location: 2F
2-2: Foul Ball, location: 2F
2-2: Foul Ball, location: 2F
2-2: Strikes out swinging
Pitching: LHP Matt Wojtkiewicz
Batting: RHB Solange Le Coq 0-0: Fly out, F8 (Line Drive, 8LD, EV 85.0 MPH)
Pinch Hitting: RHB Stephen Charbonneau 0-0: Ball
1-0: Called Strike
1-1: Ball
2-1: Ball
3-1: Base on Balls
Batting: RHB Chase Briney 0-0: Called Strike
0-1: Ball
1-1: Swinging Strike
1-2: Foul Ball, location: 2F
1-2: Fly out, F9 (Flyball, 9, EV 95.6 MPH)
Bottom of the 9th over - 0 runs, 0 hits, 0 errors, 1 left on base; El Paso 1 - Louisville 0
Tuesday, September 13th , 2022 - OOTP Baseball 23.7 Build 88